[Event "Nové Hrady - Open"]
[Site "Nové Hrady, Czech Republic"]
[Date "2024.08.13"]
[Round "3.9"]
[White "Schneider, Wolfgang"]
[Black "Dudarec, Elias"]
[Result "0-1"]
[TimeControl "2x90min+30s"]
[WhiteFideId "1639471"]
[BlackFideId "23714930"]
[WhiteElo "1542"]
[BlackElo "1750"]

1. e4 e6 2. d4 d5 3. exd5 exd5 4. a3 Bd6 5. Nf3 Nf6 6. Nc3 O-O 7. Be2 h6 8. h3 c6 9. Ne5 Re8 10.
Bf4 Bf5 11. Bd3 Ne4 12. Qh5 Qf6 13. O-O Nxc3 14. Bxf5 Ne2+ 15. Kh2 Nxf4 16. Qg4 Ng6 17. f4 Bxe5 18. dxe5 Nxe5 19. fxe5 Qxe5+ 20. Kh1 Na6 21. b4 Nc7 22. Bd3 Rad8 23. Rad1 Ne6 24. Rde1 Qg5 25. Qf3 Rd7 26. Re2 Rde7 27. c3 Nc7 28.
Rxe7 Rxe7 29. Bc2 f6 30. Qd3 Re3 31. Qd1 Rxc3 32. a4 Ne6 33. Qe2 Re3 34. Qf2 d4 35. Bd1 Nf4 36. Bf3 Nd3 37.
Qa2+ Kh8 38. Qc4 Qh4 39. Kg1 Ne5 40. Qc1 Nxf3+ 41. gxf3 Qg3+ 42. Kh1 Re2 0-1

[Event "Nové Hrady - Open"]
[Site "Nové Hrady, Czech Republic"]
[Date "2024.08.13"]
[Round "3.10"]
[White "Borecký, Andrej"]
[Black "Šebesta, Marek"]
[Result "0-1"]
[TimeControl "2x90min+30s"]
[WhiteFideId "23752670"]
[BlackFideId "23765119"]
[WhiteElo "1672"]
[BlackElo "1495"]

1. e4 e5 2. Nf3 Nc6 3. Bc4 Nf6 4. d3 h6 5. O-O Bc5 6. c3 d6 7. a4 a6 8. b4 Ba7 9. Be3 Bg4 10.
Nbd2 O-O 11. Bxa7 Rxa7 12. h3 Be6 13. Re1 Ne7 14. Qb3 Qd7 15. d4 exd4 16. cxd4 d5 17. exd5 Nexd5 18. Ne4 Nxe4 19.
Rxe4 Raa8 20. Rae1 b5 21. Ne5 bxc4 22. Nxd7 cxb3 23. Nxf8 Kxf8 24. R4e2 Nxb4 25. Rb1 Rd8 26. Rd2 Nc2 27.
Rbd1 c5 28. d5 Bd7 29. Rd3 Bxa4 30. Rb1 c4 31. Rc3 Bb5 32. Rd1 a5 33. Kf1 a4 34. Ke2 a3 0-1

[Event "Nové Hrady - Open"]
[Site "Nové Hrady, Czech Republic"]
[Date "2024.08.14"]
[Round "4.1"]
[White "Hrbek, Jáchym"]
[Black "Šimůnek, Jakub Šimon"]
[Result "0-1"]
[TimeControl "2x90min+30s"]
[WhiteFideId "23709138"]
[BlackFideId "23709464"]
[WhiteElo "1996"]
[BlackElo "2042"]

1. Nf3 d5 2. c4 c6 3. b3 Nf6 4. Bb2 Bf5 5. g3 e6 6. Bg2 Be7 7. O-O O-O 8. d3 h6 9. Nbd2 a5 10.
a3 Qb6 11. Ra2 Rd8 12. Qa1 Nbd7 13.
Rb1 Bh7 14. Ne5 Nxe5 15. Bxe5 Ng4 16. Bd4 Bc5 17. Bxc5 Qxc5 18. d4 Qb6 19. Rc1 dxc4 20. Rxc4 Rd7 21. e3 Nf6 22. Qb2 Rad8 23.
Rc5 a4 24. bxa4 Qa6 25. Rc4 Ne4 26. Rb4 Nxd2 27. Qxd2 c5 28. Bf1 Qa7 29. Rc4 cxd4 30. exd4 Rxd4 31. Rxd4 Qxd4 32. Qxd4 Rxd4 33. Rb2 Rd1 34. Kg2 Be4+ 35.
f3 Bd5 36. Bb5 Ra1 37. Be2 Rxa3 38. Rb4 Kf8 39. Kf2 Bc6 40.
Bd1 Ra2+ 41. Ke3 Rxh2 42. Be2 Rh5 43. Rb6 Ra5 44.
Bb5 Ke7 45. Bxc6 bxc6 46. Rxc6 Rxa4 47.
Kd4 0-1

[Event "Nové Hrady - Open"]
[Site "Nové Hrady, Czech Republic"]
[Date "2024.08.14"]
[Round "4.2"]
[White "Dudek, Vojtěch"]
[Black "Steinbauer, Sebastián"]
[Result "1-0"]
[TimeControl "2x90min+30s"]
[WhiteFideId "398780"]
[BlackFideId "399272"]
[WhiteElo "2117"]
[BlackElo "1990"]

1. Nf3 d5 2. b3 c5 3. e3 Bg4 4. Bb2 e6 5. Bb5+ Nc6 6. h3 Bh5 7. g4 Bg6 8. Ne5 Nge7 9. h4 h6 10.
Qf3 a6 11. Bxc6+ Nxc6 12. Nxg6 fxg6 13. Nc3 Be7 14. O-O-O Qa5 15. Kb1 Rf8 16. Qh3 g5 17. hxg5 hxg5 18. Qh5+ Kd7 19. f4 gxf4 20.
exf4 Rxf4 21. Rde1 g5 22. Qg6 Nd4 23. Nxd5 exd5 24. Bxd4 Re4 25. Rxe4 dxe4 26. Qf5+ Kc7 27. Rh7 Re8 28.
Bxc5 Qxd2 29. Qe5+ Kc8 30. Bxe7 e3 31. Qe6+ Kb8 32. Bd6+ Ka7 33. Bc5+ 1-0

[Event "Nové Hrady - Open"]
[Site "Nové Hrady, Czech Republic"]
[Date "2024.08.14"]
[Round "4.3"]
[White "Picek, Miroslav"]
[Black "Kaiser, Richard"]
[Result "0-1"]
[TimeControl "2x90min+30s"]
[WhiteFideId "325198"]
[BlackFideId "4651286"]
[WhiteElo "1922"]
[BlackElo "2019"]

1. e4 c5 2. Nf3 d6 3. c3 Nf6 4. Be2 g6 5. d3 Bg7 6. Nbd2 O-O 7. Nf1 Nc6 8. Ng3 Qc7 9. Bf4 e5 10.
Bd2 d5 11. Qc1 Na5 12. h3 c4 13. Bh6 cxd3 14. Bxg7 Kxg7 15. Bxd3 dxe4 16. Bxe4 Nxe4 17. Nxe4 f5 18. Ned2 e4 19.
Nd4 e3 20. N2b3 Nc4 21. O-O f4 22. Nf3 Bf5 23. Nbd4 Rae8 24. Nxf5+ Rxf5 25. b3 exf2+ 26. Rxf2 Ne3 27. Rd2 b5 28.
a4 Rc5 29. axb5 Rxb5 30. Nd4 Rg5 31.
Nf3 Rg3 32. Qa3 Re7 33. Qb4 Rf7 34. Qd4+ Kh6 35. Ne5 Rf5 36. Ng4+ Nxg4 37. hxg4 Rf7 38. Kf2 Qb6 39. Qxb6 axb6 40.
Rc1 Kg5 41. Rd6 Rb7 42. b4 Kxg4 43. c4 g5 44. Rcd1 Rc3 45. R6d4 Ra7 46. R1d2 h5 47. Rd6 Rb7 48. Rc6 Rb3 49.
b5 h4 50. Rg6 h3 51. gxh3+ Rxh3 52. Rd5 Rh2+ 53. Kg1 Rh5 54. Kf2 Ra7 55. Ke2 Ra3 0-1

[Event "Nové Hrady - Open"]
[Site "Nové Hrady, Czech Republic"]
[Date "2024.08.14"]
[Round "4.4"]
[White "Dudarec, Elias"]
[Black "Žilavý, Jan"]
[Result "0-1"]
[TimeControl "2x90min+30s"]
[WhiteFideId "23714930"]
[BlackFideId "350141"]
[WhiteElo "1750"]
[BlackElo "2127"]

1. e4 c6 2. d4 d5 3. e5 Bf5 4. h4 h5 5. c4 e6 6. Nf3 Nd7 7. Nc3 Ne7 8. Bg5 f6 9. exf6 gxf6 10.
Bf4 dxc4 11. Bxc4 Nb6 12. Bb3 Ned5 13. Bg3 Bd6 14. Nxd5 Nxd5 15. Bxd6 Qxd6 16. Qd2 O-O-O 17. Bc2 Bg4 18.
O-O-O Nf4 19. Kb1 Nxg2 20. Qc3 Qd5 21. Rd3 Nf4 22. Re3 Ne2 23. Qa3 Bxf3 24. Rxf3 Nxd4 25. Rfh3 Nxc2 26. Kxc2 Qe4+ 27.
Kc1 Rd4 28. Rg1 Rhd8 29. Re3 Rc4+ 30. Rc3 Qf4+ 31. Kb1 Qxf2 32. Rgc1 Rxc3 33. Qxc3 Rd2 34. Qb3 Qf5+ 35. Ka1 Qd5 36.
Qa4 e5 37. Rg1 b5 38. Qa6+ Kb8 0-1

[Event "Nové Hrady - Open"]
[Site "Nové Hrady, Czech Republic"]
[Date "2024.08.14"]
[Round "4.5"]
[White "Slabý, Matěj"]
[Black "Hokr, Matyáš"]
[Result "0-1"]
[TimeControl "2x90min+30s"]
[WhiteFideId "23734876"]
[BlackFideId "23734663"]
[WhiteElo "2020"]
[BlackElo "1641"]

1. d4 Nf6 2. Nf3 e6 3. e3 c5 4. Bd3 Nc6 5. O-O d5 6. c3 Bd6 7. Nbd2 e5 8. e4 cxd4 9. cxd4 dxe4 10.
Nxe4 Nxe4 11. Bxe4 Nxd4 12. Nxd4 exd4 13. Qa4+ Kf8 14. Rd1 Bxh2+ 15. Kxh2 Qh4+ 16. Kg1 Qxe4 17. Bd2 h6 18. Re1 Qc6 19.
Re8+ Kxe8 20. Qxd4 f6 21. Rc1 Qd7 22. Qe4+ Kf7 23. Bf4 Re8 24. Qh7 Qg4 0-1

[Event "Nové Hrady - Open"]
[Site "Nové Hrady, Czech Republic"]
[Date "2024.08.14"]
[Round "4.6"]
[White "Šťastná, Martina"]
[Black "Černý, Zbyšek"]
[Result "1-0"]
[TimeControl "2x90min+30s"]
[WhiteFideId "385123"]
[BlackFideId "23739380"]
[WhiteElo "1945"]
[BlackElo "1582"]

1. e4 c5 2. Nf3 e6 3. g3 a6 4. Bg2 d6 5. O-O Nf6 6. Nc3 Be7 7. e5 dxe5 8. Nxe5 O-O 9. b3 Qc7 10.
Qe2 Nbd7 11. Nc4 Rb8 12. d3 b5 13. Bf4 e5 14. Nxe5 Bd6 15. Nxd7 Bxd7 16. Bxd6 Qxd6 17. Rfe1 Rfe8 18.
Ne4 Nxe4 19. dxe4 Re7 20. Rad1 Qc7 21. Qd2 Rbe8 22. Qd6 Qa7 23. Re3 Bg4 24. f3 Rd7 25. fxg4 Rxd6 26. Rxd6 c4 27.
Kf2 h6 28. Ke2 Re6 29. Rd8+ Kh7 30. h4 Qc7 31. Rd5 Qa5 32. a4 cxb3 33. cxb3 Rc6 34. e5 Rc2+ 35. Kf1 Qb4 36. Be4+ g6 37.
Bxc2 bxa4 38. e6 fxe6 39. Rxe6 Qf8+ 40. Kg1 axb3 41. Bxg6+ Kg7 42. Rd7+ 1-0

[Event "Nové Hrady - Open"]
[Site "Nové Hrady, Czech Republic"]
[Date "2024.08.14"]
[Round "4.7"]
[White "Mácová, Markéta"]
[Black "Rendl, Luboš"]
[Result "0-1"]
[TimeControl "2x90min+30s"]
[WhiteFideId "23715588"]
[BlackFideId "23750197"]
[WhiteElo "1567"]
[BlackElo "1848"]

1. e4 c5 2. Nf3 Nc6 3. d4 cxd4 4. Nxd4 e6 5. Nc3 Qc7 6. Be3 a6 7. Be2 b5 8. a3 Bb7 9. Bf3 Nf6 10.
O-O Be7 11. Qd2 Ne5 12. Bf4 O-O 13. Rfe1 Bd6 14. Bxe5 Bxe5 15. g3 Rac8 16. Rad1 Qb6 17. Re3 Rc4 18. Nb3 Rfc8 19. Be2 Bxc3 20.
bxc3 Rxe4 21. Rxe4 Nxe4 22. Qf4 Nxc3 23. Rd2 Qc6 24. f3 Nxe2+ 25. Rxe2 Qxf3 26. Qxf3 Bxf3 27. Rd2 d5 28. Nd4 Be4 29.
Kf2 Rc3 30. Nb3 Bxc2 31. Nd4 Be4 32. Ra2 Kf8 0-1

[Event "Nové Hrady - Open"]
[Site "Nové Hrady, Czech Republic"]
[Date "2024.08.14"]
[Round "4.8"]
[White "Šebesta, Marek"]
[Black "Junek, Petr"]
[Result "1-0"]
[TimeControl "2x90min+30s"]
[WhiteFideId "23765119"]
[BlackFideId "23739282"]
[WhiteElo "1495"]
[BlackElo "1775"]

1. e4 c5 2. Nf3 Nc6 3. d4 cxd4 4. Nxd4 Nf6 5. Nc3 e5 6. Ndb5 d6 7. Nd5 Nxd5 8. exd5 Nb8 9. c4 Be7 10.
Be2 a6 11. Nc3 f5 12. f4 Bf6 13. O-O O-O 14. Kh1 Nd7 15. Qc2 e4 16. Be3 Qc7 17. Rac1 b6 18. b4 Bb7 19. c5 Bxc3 20. Qxc3 bxc5 21. bxc5 Bxd5 22.
Rfd1 Bxa2 23. Qa3 Be6 24. Rxd6 Rf6 25. c6 Nf8 26. Qb4 Rb8 27. Qa3 Rb3 28. Qc5 Rxe3 29. Qxe3 Qxd6 30. c7 Bc8 31.
Qb3+ Kh8 32. Qb8 Qe6 33. Rd1 Qe7 34. Qxc8 Rd6 35. Rxd6 Qxd6 36. Qd8 Qc5 37. c8=Q Ng6 1-0

[Event "Nové Hrady - Open"]
[Site "Nové Hrady, Czech Republic"]
[Date "2024.08.14"]
[Round "4.9"]
[White "Shivairo, Swegenyi Mark"]
[Black "Valiyev, Adil"]
[Result "1-0"]
[TimeControl "2x90min+30s"]
[WhiteFideId "23745029"]
[BlackFideId "23752246"]
[WhiteElo "1618"]
[BlackElo "1469"]

1. e4 e5 2. Nf3 Nc6 3.
Bc4 Nf6 4. d3 Bc5 5. Nc3 O-O 6. Bg5 Be7 7. Bxf6 Bxf6 8. Qd2 d6 9. h4 Bg4 10. Nh2 Be6 11. g4 Bxc4 12. dxc4 Bxh4 13.
Nf3 Be7 14. Nd5 Qd7 15. Nxe7+ Nxe7 16. Qg5 Ng6 17. Nh4 Qc6 18. f3 Qxc4 19. c3 h6 20. Nxg6 fxg6 21. Qe3 Rf4 22. Rh3 g5 23.
b3 Qc6 24. O-O-O a5 25. a3 a4 26. b4 Qc4 27. Qd3 Qa2 28. Qd5+ Qxd5 29. Rxd5 Raf8 30. Rd3 h5 31. gxh5 Rh4 32.
Rxh4 gxh4 33. Kd2 h3 34. Ke2 Rf4 35. Rd1 Rh4 36. Rh1 Rxh5 37. Kf2 Kf7 38. Kg3 Kg6 39. Rxh3 Rxh3+ 40. Kxh3 Kg5 41.
Kg3 b5 42. Kg2 Kf4 43. Kf2 g6 44. Ke2 Kg3 45. Ke3 Kg2 46. f4 Kg3 47. f5 Kg2 1-0

[Event "Nové Hrady - Open"]
[Site "Nové Hrady, Czech Republic"]
[Date "2024.08.14"]
[Round "4.10"]
[White "Garabik, Marek"]
[Black "Schneider, Wolfgang"]
[Result "1-0"]
[TimeControl "2x90min+30s"]
[WhiteFideId "23717742"]
[BlackFideId "1639471"]
[WhiteElo "1916"]
[BlackElo "1542"]

1. e4 e5 2. Nf3 d6 3. Bc4 h6 4. d3 Nf6 5. c3 a6 6. a4 Bd7 7. Qb3 Qe7 8. Qxb7 Bc6 9. Qc8+ Qd8 10.
Bxf7+ Kxf7 11. Qxd8 Ne8 12. Qh4 Nf6 13. g4 Bd7 14. h3 Kg8 15. Nbd2 Nc6 16. Nf1 Rb8 17. Ne3 Ne7 18. Nf5 Ng6 19.
Qg3 d5 20. Nxe5 Be8 21. Nxg6 Bxg6 22. Qxc7 Re8 23. f3 dxe4 24. fxe4 Bf7 25. O-O Rh7 26. Nxh6+ gxh6 27. Rxf6 Re7 28.
Qg3 Kh8 29. Be3 Rb7 30. Raf1 h5 31. Bd4 Kg8 32. gxh5+ Bg7 33. Rxf7 Rxf7 34. Rxf7 Kxf7 35. Qg6+ Kg8 36. h6 1-0

[Event "Nové Hrady - Open"]
[Site "Nové Hrady, Czech Republic"]
[Date "2024.08.15"]
[Round "5.1"]
[White "Šimůnek, Jakub Šimon"]
[Black "Dudek, Vojtěch"]
[Result "1/2-1/2"]
[TimeControl "2x90min+30s"]
[WhiteFideId "23709464"]
[BlackFideId "398780"]
[WhiteElo "2042"]
[BlackElo "2117"]

1. e4 c5 2. Nf3 Nc6 3. Bb5 e6 4. O-O Nge7 5. Re1 a6 6. Bf1 d5 7. exd5 Nxd5 8. d4 Nf6 9. Be3 Be7 10.
c4 O-O 11. Nc3 cxd4 12. Nxd4 Qc7 13. Nxc6 Qxc6 14. Be2 Rd8 15. Qb3 Bc5 16. Bf3 Qc7 17. Bxc5 Qxc5 18. Na4 Qc7 19. Qb6 Qxb6 20.
Nxb6 Rb8 21. Rad1 Bd7 22. Nxd7 Rxd7 23.
Rxd7 Nxd7 24. Rd1 Ne5 25. Bxb7 g5 26.
Bxa6 Rxb2 27. a4 Ra2 28. Bb5 Nd3 29. g3 Nc5 30. Rd8+ Kg7 31. Ra8 g4 32. Rc8 Nd3 33. c5 Ra1+ 34. Kg2 Ne5 35. c6 Nf3 36. Bf1 Ne1+ 37.
Kg1 Nf3+ 1/2-1/2

[Event "Nové Hrady - Open"]
[Site "Nové Hrady, Czech Republic"]
[Date "2024.08.15"]
[Round "5.2"]
[White "Kaiser, Richard"]
[Black "Žilavý, Jan"]
[Result "0-1"]
[TimeControl "2x90min+30s"]
[WhiteFideId "4651286"]
[BlackFideId "350141"]
[WhiteElo "2019"]
[BlackElo "2127"]

1. e4 c6 2. c4 d5 3. cxd5 cxd5 4. exd5 Nf6 5. Qa4+ Nbd7 6. Nc3 g6 7. Nf3 Bg7 8. d4 O-O 9. d6 Nb6 10.
Qa3 exd6 11. Be2 Re8 12. O-O Nbd5 13. Bb5 Nxc3 14. bxc3 Bd7 15. Rb1 Ne4 16. Nd2 a6 17. Bd3 Nxd2 18.
Bxd2 Bc6 19. Bf4 Bf8 20. c4 Qh4 21. g3 Qh5 22. d5 Bd7 23. Rb3 Bh3 24. Rfb1 b5 25. Bxd6 Rac8 26. c5 Qxd5 27.
Bf1 Bf5 28. Bg2 Qd2 29. Rf1 Bxd6 30. cxd6 Rc2 31. Qxa6 Re1 32. Qa8+ Kg7 33. Qa7 Rcc1 34. h4 Qd1 35. g4 Rxf1+ 36. Kh2 Rh1+ 37. Bxh1 Qxh1+ 0-1

[Event "Nové Hrady - Open"]
[Site "Nové Hrady, Czech Republic"]
[Date "2024.08.15"]
[Round "5.3"]
[White "Hokr, Matyáš"]
[Black "Hrbek, Jáchym"]
[Result "0-1"]
[TimeControl "2x90min+30s"]
[WhiteFideId "23734663"]
[BlackFideId "23709138"]
[WhiteElo "1641"]
[BlackElo "1996"]

1. Nf3 f5 2. d3 Nf6 3. Bg5 d6 4. Bxf6 exf6 5. e4 fxe4 6. dxe4 Be6 7. Nd4 Bf7 8. f4 d5 9. Nd2 Bd6 10.
Nf5 g6 11. Nxd6+ Qxd6 12. Qf3 Nc6 13. Bb5 O-O-O 14. O-O-O Nd4 15. Qd3 dxe4 16. Nxe4 Qxf4+ 0-1

[Event "Nové Hrady - Open"]
[Site "Nové Hrady, Czech Republic"]
[Date "2024.08.15"]
[Round "5.4"]
[White "Steinbauer, Sebastián"]
[Black "Šebesta, Marek"]
[Result "0-1"]
[TimeControl "2x90min+30s"]
[WhiteFideId "399272"]
[BlackFideId "23765119"]
[WhiteElo "1990"]
[BlackElo "1495"]

1. e4 e5 2. Nf3 Nc6 3. Bc4 Nf6 4. Ng5 d5 5. exd5 Nd4 6. c3 b5 7. Bf1 Nxd5 8. cxd4 Qxg5 9. Bxb5+ Kd8 10.
Qf3 Bb7 11. O-O Rb8 12. Qxf7 Nf6 13. f3 Bd5 14. d3 Qh4 15. Qxf8+ Rxf8 16. dxe5 Rxb5 17. Nc3 Rb8 18. exf6 Qd4+ 19.
Kh1 Bc6 20. fxg7 Qxg7 21. Re1 Rg8 22. Re2 Bxf3 23. Bg5+ Qxg5 24. gxf3 Rb6 25. Ne4 Qf4 26. Rf1 Rc6 27. Nc3 Rcg6 28. Re4 Qxf3+ 0-1

[Event "Nové Hrady - Open"]
[Site "Nové Hrady, Czech Republic"]
[Date "2024.08.15"]
[Round "5.5"]
[White "Rendl, Luboš"]
[Black "Šťastná, Martina"]
[Result "0-1"]
[TimeControl "2x90min+30s"]
[WhiteFideId "23750197"]
[BlackFideId "385123"]
[WhiteElo "1848"]
[BlackElo "1945"]

1. e4 e5 2. Nf3 Nc6 3. Bc4 Bc5 4. O-O d6 5. c3 Nf6 6. d3 O-O 7. Bb3 h6 8. Nbd2 a6 9. Re1 b5 10.
Nf1 Be6 11. Bxe6 fxe6 12. Be3 Bxe3 13. Nxe3 Qd7 14. a4 Ne7 15. Qc2 c5 16. axb5 axb5 17. b4 cxb4 18. cxb4 Nc6 19. Qb3 Kh7 20.
Nc2 Rxa1 21. Rxa1 d5 22. Nd2 dxe4 23. Nxe4 Nxe4 24. dxe4 Nd4 25. Qd3 Nf3+ 26. Qxf3 Rxf3 27. gxf3 Qd2 28.
Ne3 Qxb4 29. Rd1 Qc5 30. Rd7 b4 31. Ng4 b3 32. Nf6+ Kg6 33. Ne8 Qc1+ 34. Kg2 Qg5+ 35. Kh3 Qf4 36.
Rxg7+ Kh5 37. Rg1 Qxf3+ 0-1

[Event "Nové Hrady - Open"]
[Site "Nové Hrady, Czech Republic"]
[Date "2024.08.15"]
[Round "5.6"]
[White "Slabý, Matěj"]
[Black "Picek, Miroslav"]
[Result "1/2-1/2"]
[TimeControl "2x90min+30s"]
[WhiteFideId "23734876"]
[BlackFideId "325198"]
[WhiteElo "2020"]
[BlackElo "1922"]

1. Nf3 c5 2. c3 d5 3. d4 cxd4 4. cxd4 Nc6 5. Nc3 Nf6 6. Bf4 e6 7. e3 a6 8. Rc1 Nh5 9. Bg5 Be7 10.
Bxe7 Qxe7 11. Ne5 Nxe5 12. dxe5 g6 13. Qd2 b5 14. Be2 Ng7 15. e4 b4 16. Na4 Bb7 17. Nc5 O-O 18. Qxb4 Rfb8 19.
O-O a5 20. Qa4 dxe4 21. Nxe4 Bxe4 22. Qxe4 Qb4 23. Qxb4 Rxb4 24. b3 Nf5 25. Rfd1 Ra7 26. Bc4 a4 27. a3 Rxb3 28. Bxb3 axb3 29.
Rb1 Rxa3 30. Rd3 Ra5 31. f4 Ra4 32. g3 Nd4 33. Kf2 Ra2+ 34. Ke3 Nf5+ 35. Kf3 Rxh2 36. Rbxb3 h5 37. Rd8+ Kg7 38.
Rbb8 Nh6 39. Rh8 Rc2 40. Rhc8 Ra2 1/2-1/2

[Event "Nové Hrady - Open"]
[Site "Nové Hrady, Czech Republic"]
[Date "2024.08.15"]
[Round "5.7"]
[White "Junek, Petr"]
[Black "Shivairo, Swegenyi Mark"]
[Result "1-0"]
[TimeControl "2x90min+30s"]
[WhiteFideId "23739282"]
[BlackFideId "23745029"]
[WhiteElo "1775"]
[BlackElo "1618"]

1. e4 e5 2. Nf3 Nc6 3. Bb5 Bc5 4.
c3 d6 5.
O-O Bd7 6. d4 exd4 7. cxd4 Bb6 8. Qd3 Nge7 9. Nc3 O-O 10. Bg5 h6 11. Bh4 Qe8 12. Rfe1 Nb4 13. Qe2 Bxb5 14. Nxb5 Rc8 15.
a3 Nc2 16. Qxc2 Qxb5 17. Bxe7 Rfe8 18. Bh4 g5 19. Bg3 h5 20. h4 g4 21. Ng5 f6 22. e5 fxg5 23. Qg6+ Kf8 24. e6 Re7 25. Qf6+ Kg8 26. Qxe7 gxh4 27.
Qf7+ Kh8 28. Be5+ dxe5 29. Rxe5 Qxe5 30. dxe5 g3 31. Qxh5+ Kg7 32. Qg5+ Kf8 33. Qf6+ Kg8 34. Rf1 Rf8 35.
Qg5+ Kh8 36. Qxh4+ 1-0

[Event "Nové Hrady - Open"]
[Site "Nové Hrady, Czech Republic"]
[Date "2024.08.15"]
[Round "5.8"]
[White "Černý, Zbyšek"]
[Black "Garabik, Marek"]
[Result "1-0"]
[TimeControl "2x90min+30s"]
[WhiteFideId "23739380"]
[BlackFideId "23717742"]
[WhiteElo "1582"]
[BlackElo "1916"]

1. d4 e6 2. c4 d5 3. Nc3 Nf6 4. Nf3 Be7 5. e3 O-O 6. Bd3 Nbd7 7. O-O dxc4 8. Bxc4 c5 9. b3 Nb6 10.
Bd3 Bd7 11. Bb2 Bc6 12. Rc1 cxd4 13. Nxd4 Rc8 14. Nxc6 Rxc6 15. Qe2 Qb8 16. Rfd1 Rd8 17. Bb1 Rxd1+ 18. Rxd1 Rc8 19. Qf3 Bd6 20.
Ne4 Be5 21. Nxf6+ gxf6 22. Bxe5 Qxe5 23. Qxb7 f5 24. Qxa7 Nd5 25. Qd4 Qxd4 26. exd4 Nc3 27. Re1 Ne2+ 28. Kf1 Nxd4 29. Rd1 e5 30.
Ke1 Kf8 31. Kd2 Ke7 32. Rc1 Rd8 33. Ke1 Kd6 34. Rd1 Kc7 35. f3 Rg8 36. Kf2 Kb6 37. Rd3 Rc8 38. Re3 f6 39. Re1 Ka5 40.
Rd1 Kb4 41. f4 Rc3 42. Bd3 Kc5 43. Bb1 e4 44. Ke1 h5 45. Kd2 Nb5 46. a4 e3+ 47. Ke1 Nd4 48. b4+ Kc4 49. Ba2+ Nb3 50. Rb1 Kxb4 51. Rxb3+ Rxb3 52.
Bxb3 Kxb3 53. a5 Kc4 54. a6 Kd5 55. a7 Ke4 56. a8=Q+ Kxf4 57. Qf3+ Kg5 58. Qxe3+ f4 59. Qd2 Kg4 60. Kf2 f5 61. h3+ Kg5 62.
Qd8+ 1-0

[Event "Nové Hrady - Open"]
[Site "Nové Hrady, Czech Republic"]
[Date "2024.08.15"]
[Round "5.9"]
[White "Valiyev, Adil"]
[Black "Dudarec, Elias"]
[Result "0-1"]
[TimeControl "2x90min+30s"]
[WhiteFideId "23752246"]
[BlackFideId "23714930"]
[WhiteElo "1469"]
[BlackElo "1750"]

1. e4 e6 2. d4 d5 3. e5 c5 4. c3 Nc6 5. Nf3 Qb6 6. a4 Bd7 7. Na3 a6 8. Nc2 c4 9. Be2 Nge7 10.
O-O Ng6 11. Bd2 Na5 12. Nb4 Nb3 13. Ra2 Be7 14. Qe1 a5 15. Nc2 O-O 16. Ne3 Nf4 17. Nc2 Ng6 18. Na1 Nxd2 19. Qxd2 f6 20.
Nc2 Qb3 21. Rfa1 f5 22. Qc1 f4 23. Nb4 axb4 24. Bd1 Qxa2 25. Rxa2 b3 26. Ra1 Bxa4 27. Nd2 b6 28. Bg4 Kf7 29.
Bh5 Bc6 30. Rxa8 Rxa8 31. Bxg6+ Kxg6 32. Nf3 Ra2 33. h4 Kf7 34. Qxf4+ Ke8 35. Qd2 Ba3 36. bxa3 b2 37. Qxb2 Rxb2 38.
Ng5 Ke7 39. Nxh7 Rb3 40. Nf6 gxf6 41. g4 fxe5 42. g5 Rxc3 43. h5 Rxa3 44. g6 Kf6 45. dxe5+ Kg7 46. Kg2 c3 47. Kh3 c2+ 48. Kg4 c1=Q 49. f4 Qg1+ 50. Kh4 Qg3# 0-1

[Event "Nové Hrady - Open"]
[Site "Nové Hrady, Czech Republic"]
[Date "2024.08.15"]
[Round "5.10"]
[White "Borecký, Andrej"]
[Black "Mácová, Markéta"]
[Result "1-0"]
[TimeControl "2x90min+30s"]
[WhiteFideId "23752670"]
[BlackFideId "23715588"]
[WhiteElo "1672"]
[BlackElo "1567"]

1. e4 e5 2. Nf3 Nc6 3. Bc4 Nf6 4. d3 Bc5 5. c3 d6 6. O-O Bg4 7. a4 a5 8. Be3 Bxe3 9. fxe3 Qd7 10.
Nbd2 O-O 11. Qe1 Ne7 12. h3 Bh5 13. Ba2 Qc6 14. d4 exd4 15. exd4 Rfe8 16. Qf2 Nxe4 17. Nxe4 Qxe4 18. Ng5 Qc6 19.
Bxf7+ Bxf7 20. Qxf7+ Kh8 21. Ne6 Rg8 22. Qxe7 Rae8 23. Qf7 d5 24. Nxc7 Re2 25. Rae1 Rxe1 26. Rxe1 Qxa4 27. Rf1 h6 28.
Qg6 Qa2 29. Ne8 Qxb2 30. Nf6 1-0

[Event "Nové Hrady - Open"]
[Site "Nové Hrady, Czech Republic"]
[Date "2024.08.16"]
[Round "6.1"]
[White "Šebesta, Marek"]
[Black "Šimůnek, Jakub Šimon"]
[Result "0-1"]
[TimeControl "2x90min+30s"]
[WhiteFideId "23765119"]
[BlackFideId "23709464"]
[WhiteElo "1495"]
[BlackElo "2042"]

1. e4 e6 2. d4 d5 3. e5 c5 4.
c3 Nc6 5. Nf3 Qb6 6. a3 c4 7. Be2 Na5 8. Nbd2 Bd7 9. O-O Ne7 10. Qc2 h6 11. a4 Nc8 12. Bd1 Qc7 13. b4 cxb3 14.
Nxb3 Be7 15. Nxa5 Qxa5 16. Bd2 Qc7 17. a5 Bb5 18. Re1 a6 19. Qb2 Na7 20. Bc2 Nc6 21. Reb1 Rb8 22. Ba4 Bxa4 23.
Rxa4 Nxa5 24. g3 Nc4 25. Qb3 O-O 26. Be1 Qc6 27. Rba1 a5 28. Nd2 b5 29. R4a2 a4 30. Qc2 Nb6 31.
f4 Rfc8 32. Rc1 Ra8 33. Nf3 Rc7 34. Bd2 b4 35. cxb4 Qxc2 36. Rcxc2 Rxc2 37. Rxc2 a3 38. Ra2 Nc4 39. Bc3 Rb8 40.
Nd2 Nxd2 41. Bxd2 Bxb4 42. Bxb4 Rxb4 43. Rxa3 Rxd4 44. Ra8+ Kh7 45. Kg2 Rd2+ 46. Kh3 g5 47. Ra7 Kg6 48.
Rd7 Rf2 49. fxg5 hxg5 50. g4 Re2 51. Kg3 Rxe5 52. Kf3 Re4 53. Ra7 Rb4 54. Ra3 Kf6 55. h3 Ke5 56. Re3+ Kd4 57. Re2 Rb3+ 58. Kg2 e5 59. Rf2 e4 60.
Rxf7 Ke3 61. h4 gxh4 62. g5 Rb6 63. Rf6 Rb7 64. Ra6 d4 65. Ra3+ d3 66. Kh3 Ke2 67. Kxh4 d2 68. Ra2 Ke1 69. Ra1+ d1=Q 70. Rxd1+ Kxd1 71.
Kg4 e3 72. g6 e2 73. g7 Rxg7+ 0-1

[Event "Nové Hrady - Open"]
[Site "Nové Hrady, Czech Republic"]
[Date "2024.08.16"]
[Round "6.2"]
[White "Žilavý, Jan"]
[Black "Šťastná, Martina"]
[Result "1-0"]
[TimeControl "2x90min+30s"]
[WhiteFideId "350141"]
[BlackFideId "385123"]
[WhiteElo "2127"]
[BlackElo "1945"]

1. e4 e5 2. Nf3 Nc6 3. Bb5 a6 4. Ba4 Nf6 5. O-O b5 6. Bb3 Be7 7. Re1 O-O 8. c3 d6 9. h3 Na5 10.
Bc2 c5 11. d4 Qc7 12. Nbd2 Nc6 13. d5 Nd8 14. Nf1 Ne8 15. Ng3 g6 16. Bh6 Ng7 17. a4 Rb8 18. axb5 axb5 19. Qd2 f6 20.
b4 c4 21. Ra5 Nf7 22. Bxg7 Kxg7 23. Rea1 Bd7 24. Qe3 Rfc8 25. Nh2 Qd8 26. Bd1 Ra8 27. Bg4 Rxa5 28. Rxa5 Rb8 29. Bxd7 Qxd7 30.
Qa7 Rb7 31. Qa8 Bd8 32. Ra6 Bb6 33. Nhf1 Nh6 34. Nd2 Ng8 35. Nb1 Ne7 36. Na3 Nc8 37. Nxb5 Bxf2+ 38. Kxf2 Qxb5 39. Rc6 Ne7 40.
Rxd6 f5 41. exf5 Nxd5 42. Qd8 Nxc3 43. Qf6+ Kh6 44. fxg6 1-0

[Event "Nové Hrady - Open"]
[Site "Nové Hrady, Czech Republic"]
[Date "2024.08.16"]
[Round "6.3"]
[White "Dudek, Vojtěch"]
[Black "Hrbek, Jáchym"]
[Result "1/2-1/2"]
[TimeControl "2x90min+30s"]
[WhiteFideId "398780"]
[BlackFideId "23709138"]
[WhiteElo "2117"]
[BlackElo "1996"]

1. e4 e5 2. Nc3 Nf6 3. Bc4 Nxe4 4. Qh5 Nd6 5. Qxe5+ Qe7 6. Qxe7+ Bxe7 7. Be2 Nf5 8. Nf3 h5 9.
d4 Nc6 10. Nb5 Bd8 11. Bf4 d6 12. O-O-O a6 13. Nc3 Nce7 14. Rhe1 O-O 15. Bc4 b5 16. Bb3 Ng6 17. Bg5 c6 18.
Bxd8 Rxd8 19. Ne4 d5 20. Nc5 f6 21. g3 Kf7 22. c3 Nd6 23. Rd3 Bg4 24. Nd2 Re8 25. Rde3 Nf8 26. Rxe8 Nxe8 27.
Bc2 Ne6 28. Nxe6 Bxe6 29. Bg6+ Kxg6 30. Rxe6 Rc8 31. Re7 Nd6 32. Ra7 Kf5 33. Rxg7 Ne4 34. Nxe4 Kxe4 35. Rh7 Kd3 36. Re7 b4 37.
Re3+ Kc4 38. Kc2 bxc3 39. bxc3 c5 40. dxc5 Rxc5 41. Rf3 Rc6 42. Rf4+ Kc5 43. Kd3 Rb6 44. h4 Rb2 45. a4 Ra2 46.
f3 Rg2 47. g4 hxg4 48. fxg4 Rg3+ 49. Kc2 Rg2+ 50. Kb3 a5 51.
h5 Rg3 52. Kc2 Rg2+ 53. Kd3 Rg3+ 54. Kd2 Kd6 55. Rxf6+ Ke5 56.
Rf2 Rxg4 57. Rh2 Rxa4 58. Kd3 Rg4 59. h6 Rg8 60.
Rh5+ Kd6 61. h7 Rh8 62. Kd4 Kc6 63. Rh6+ Kb5 64. Kxd5 a4 65. c4+ Kb4 66. c5 a3 67. Rh2 Kb3 68. Rh3+ Kb2 69. Rh2+ Kb3 70. Rh3+ Kb2 71. Kc4 a2 72. Rh2+ Ka3 73. Rh3+ Kb2 74.
Rh2+ Ka3 75. Rh1 Kb2 76. c6 a1=Q 77. Rxa1 Kxa1 78. c7 Kb2 79. Kd5 Kc3 80. Ke6 Kd4 81. Kf6 Rc8 82. Ke6 Rh8 83.
Kf6 Rc8 84. Ke5+ Kxe5 1/2-1/2